AoeStats
← Jongboog

Black Forest

509607175Analyzed
4v4 RM · 5d ago on Sep 27, 2026· 45m 48s· 8 players
Game mode
Random Map
Map size
Large (8 player)
Population
200
Speed
Normal
Resources
Standard
Victory
Conquest
Starting age
Dark Age
Ending age
Imperial Age
RankedLock teamsTeams togetherTeam positionsShared explorationLock speedFull tech treeHidden civsTurbo modeCheats
Victory
Defeat
🇿🇦 Berbers · South Africa
1160
+12
🇨🇳 Franks · China
1109
+14
🇨🇳 Celts · China
1107
+15
🇹🇼 Portuguese · Taiwan
1105
+15
🇫🇷 Britons · France
1138
-16
🇮🇪 Spanish · Ireland
1066
-14
🇫🇷 Khmer · France
1055
-13
🇳🇱 Koreans · Netherlands
1048
-13
bimurock
0:42 Loom
12:21 Feudal Age
13:55 Wheelbarrow
14:27 Gold Mining
16:51 Castle Age
15:10 Stone Mining
15:52 Fletching
17:34 Bodkin Arrow
19:03 Double-Bit Axe
20:22 Bow Saw
24:02 Padded Archer Armor
27:54 Leather Archer Armor
29:47 Hand Cart
29:29 Horse Collar
31:19 Ballistics
31:12 Town Watch
34:09 Stone Shaft Mining
36:32 Imperial Age
34:20 Treadmill Crane
34:51 Fortified Wall
35:35 Murder Holes
36:10 Arson
36:11 Gambesons
36:54 Forging
41:17 Imperial Age
39:31 Heavy Plow
43:30 Chemistry
42:36 Siege Engineers
42:10 Elite Organ Gun
43:14 Conscription
42:55 Arquebus
45:25 Two-Man Saw
Jongboog
13:15 Feudal Age
14:03 Double-Bit Axe
15:10 Wheelbarrow
15:15 Loom
18:59 Castle Age
16:54 Horse Collar
20:12 Hand Cart
22:47 Heavy Plow
26:48 Bow Saw
26:32 Gold Mining
26:36 Stone Mining
30:37 Imperial Age
27:54 Town Watch
30:24 Scale Barding Armor
30:30 Forging
31:40 Conscription
31:27 Husbandry
31:37 Bloodlines
30:50 Cavalier
32:06 Caravan
33:04 Crop Rotation
35:23 Gold Shaft Mining
34:49 Light Cavalry
36:31 Chain Barding Armor
36:50 Iron Casting
37:05 Siege Engineers
38:03 Chemistry
36:47 Hussar
38:38 Plate Barding Armor
39:04 Blast Furnace
39:22 Town Patrol
kiyohime
1:48 Loom
14:21 Feudal Age
15:41 Wheelbarrow
15:24 Double-Bit Axe
18:37 Castle Age
20:23 Stone Mining
21:56 Bow Saw
23:54 Hand Cart
23:26 Town Watch
29:07 Treadmill Crane
29:38 Fortified Wall
29:26 Gold Mining
33:12 Imperial Age
31:02 Scale Barding Armor
31:08 Forging
31:41 Gold Shaft Mining
32:35 Chain Barding Armor
32:51 Iron Casting
32:49 Light Cavalry
33:30 Husbandry
34:01 Chivalry
34:23 Conscription
33:28 Cavalier
34:42 Siege Engineers
35:15 Plate Barding Armor
35:41 Blast Furnace
35:16 Coinage
35:04 Paladin
37:41 Chemistry
37:33 Banking
45:21 Masonry
45:07 Murder Holes
44:59 Arrowslits
45:04 Guard Tower
45:27 Clinker Construction
45:56 Hoardings
45:28 Scale Mail Armor
45:29 Padded Archer Armor
45:32 Caravan
唐尚书右丞王维
0:28 Loom
13:36 Feudal Age
20:06 Castle Age
18:56 Horse Collar
19:03 Double-Bit Axe
20:07 Gold Mining
24:35 Wheelbarrow
27:32 Bow Saw
31:34 Imperial Age
30:24 Gold Shaft Mining
30:21 Fortified Wall
31:56 Hand Cart
31:37 Capped Ram
32:08 Heavy Scorpion
33:13 Ballistics
34:25 Siege Ram
35:45 Stone Mining
36:18 Conscription
36:39 Siege Engineers
38:04 Chemistry
45:32 Pikeman
45:32 Man-at-Arms
45:58 Gambesons
45:59 Arson
46:15 Scale Mail Armor
46:25 Forging
q721372930
1:27 Loom
16:33 Feudal Age
21:30 Castle Age
19:47 Double-Bit Axe
20:18 Stone Mining
21:38 Gold Mining
22:42 Bow Saw
23:10 Wheelbarrow
22:56 Horse Collar
26:13 Heavy Plow
gvvugts93
13:13 Feudal Age
13:54 Double-Bit Axe
16:37 Loom
20:44 Castle Age
19:28 Stone Mining
20:12 Gold Mining
21:20 Forging
22:08 Horse Collar
24:00 Bow Saw
26:34 Masonry
28:34 Wheelbarrow
28:46 Stone Shaft Mining
28:40 Town Watch
28:44 Light Cavalry
29:44 Treadmill Crane
30:16 Fortified Wall
31:21 Hand Cart
31:30 Heavy Plow
31:30 Murder Holes
31:57 Ballistics
31:54 Scale Barding Armor
35:42 Imperial Age
35:49 Imperial Age
33:22 Husbandry
38:22 Chemistry
36:56 Hussar
SHQ
0:35 Loom
12:02 Feudal Age
17:17 Castle Age
15:03 Horse Collar
15:35 Double-Bit Axe
21:04 Wheelbarrow
21:35 Heavy Plow
23:22 Gold Mining
23:22 Stone Mining
25:22 Stone Mining
26:08 Gold Shaft Mining
25:54 Bow Saw
26:16 Hand Cart
28:29 Stone Shaft Mining
29:08 Murder Holes
29:36 Ballistics
29:21 Town Watch
32:59 Imperial Age
32:02 Town Patrol
32:20 Fortified Wall
32:52 Tusk Swords
33:32 Elite Battle Elephant
33:33 Elite Ballista Elephant
35:11 Double Crossbow
35:58 Husbandry
36:07 Scale Mail Armor
36:12 Scale Barding Armor
36:22 Forging
37:37 Chain Mail Armor
41:06 Chemistry
42:39 Light Cavalry
43:32 Bloodlines
Besoin Dead
1:48 Loom
11:54 Feudal Age
16:34 Castle Age
14:48 Horse Collar
14:58 Double-Bit Axe
18:28 Wheelbarrow
25:20 Gold Mining
29:30 Imperial Age
27:59 Heavy Plow
28:25 Bow Saw
29:50 Gold Shaft Mining
29:06 Stone Mining
29:43 Hand Cart
31:20 Fletching
31:35 Town Watch
32:09 Bodkin Arrow
32:38 Warwolf
33:56 Ballistics
33:28 Heated Shot
34:01 Padded Archer Armor
34:45 Conscription
35:51 Chemistry
35:18 Bracer
36:33 Two-Man Saw
36:13 Scale Mail Armor
36:29 Forging
36:43 Man-at-Arms
37:09 Gambesons
37:24 Squires
37:11 Arson
37:46 Chain Mail Armor
38:10 Iron Casting
37:55 Long Swordsman
39:09 Plate Mail Armor
39:58 Blast Furnace
38:28 Two-Handed Swordsman
39:52 Champion
40:15 Pikeman
41:22 Murder Holes
40:58 Halberdier
Connection lost

Rejoining the realm…

Still unreachable

The connection could not be restored.

Session expired

The server has moved on; the page needs a fresh start.